 Dungeon Crawl Stone Soup version 0.31-a0-803-g95b03c3367 (webtiles) character file.

Game seed: 6048892100812127374

8408 Iich the Fighter (level 11, 0/87 HPs)
             Began as a Demonspawn Fighter on Sept 20, 2023.
             Was an Initiate of Gozag.
             Slain by a black bear (1 damage)
             ... while petrified by a basilisk
             ... on level 8 of the Dungeon.
             The game lasted 00:14:27 (7818 turns).

Iich the Fighter (Demonspawn Fighter)               Turns: 7818, Time: 00:14:29

Health: 0/87       AC:  9    Str: 24    XL:     11   Next: 9%
Magic:  11/11      EV:  2    Int: 10    God:    Gozag
Gold:   824        SH:  0    Dex: 15    Spells: 10/10 levels left

rFire   . . .        a - +1 war axe
rCold   + + +        v - +0 kite shield
rNeg    + + +        K - +4 skin of Zhor {*Englaciate rC+++ SInv}
rPois   ∞            (helmet currently unavailable)
rElec   .            (cloak currently unavailable)
rCorr   .            (gloves currently unavailable)
SInv    +            (boots currently unavailable)
Will    .....        (no amulet)
Stlth   +            p - +6 ring of strength
HPRegen 0.34/turn    D - +5 ring of evasion
MPRegen 0.12/turn

%: no passive effects
@: beast-form, petrified, gold aura
A: beast (slay +3), yellow scales 2, spiny 2, weakness stinger 2
a: Begin Untransformation, Renounce Religion, Potion Petition, Call Merchant,
Bribe Branch


You were on level 8 of the Dungeon.
You worshipped Gozag.
Gozag was pleased with you.
You were a hulking beast.
You visited 2 branches of the dungeon, and saw 9 of its levels.
You visited the Abyss 1 time.

You collected 963 gold pieces.
You paid 139 gold pieces to Gozag.

Inventory:

Hand Weapons
 a - a +1 war axe (weapon)
Missiles
 u - 2 throwing nets
Armour
 b - a +4 chain mail
 h - a +0 tower shield
 k - a +1 ring mail of poison resistance
 s - a +0 pair of gloves
 v - a +0 kite shield (worn)
 x - a +0 plate armour
 G - a +0 helmet
 K - the +4 skin of Zhor (worn) {*Englaciate rC+++ SInv}
   (You found it on level 7 of the Dungeon)

   *Englaciate: It radiates cold, occasionally slowing all nearby creatures who
   are not resistant to cold.
   rC+++:     It renders you almost immune to cold.
   SInv:      It lets you see invisible.
 M - a +0 cloak
 N - a scarf of repulsion
Jewellery
 p - a +6 ring of strength (left hand)
 z - a ring of ice
 C - a ring of resist corrosion
 D - a +5 ring of evasion (right hand)
 P - a ring of poison resistance
Talismans
 r - a beast talisman (active)
Wands
 m - a wand of polymorph (20)
 n - a wand of flame (50)
Scrolls
 c - 2 scrolls of immolation
 e - 2 scrolls of enchant weapon
 f - 2 scrolls of brand weapon
 g - a scroll of fear
 o - 3 scrolls of poison
 t - 3 scrolls of teleportation
 w - a scroll of amnesia
 y - a scroll of noise
 A - a scroll of revelation
 B - a scroll of blinking
 F - a scroll of butterflies
 H - a scroll of torment
Potions
 d - 3 potions of might
 j - 2 potions of mutation
 l - a potion of heal wounds
 q - 4 potions of curing
 E - a potion of ambrosia
 I - a potion of degeneration
 J - a potion of enlightenment
 L - a potion of lignification
 O - a potion of brilliance {unknown}


   Skills:
 + Level 8.4 Fighting
 + Level 7.4 Axes
 - Level 2.6 Armour
 + Level 7.1 Dodging
 + Level 7.7 Shields
 + Level 6.0 Shapeshifting


You had 10 spell levels left.
You didn't know any spells.
Your spell library contained the following spells:

 Spells                   Type           Power      Damage    Failure   Level
 Sandblast                Erth           0%         2d4       56%         1
 Blink                    Tloc           0%         N/A       71%         2
 Lesser Beckoning         Tloc           0%         N/A       71%         2
 Momentum Strike          Conj/Tloc      0%         3d8       71%         2
 Passwall                 Tmut/Erth      0%         N/A       71%         2
 Ozocubu's Armour         Ice            0%         N/A       91%         3
 Stone Arrow              Conj/Erth      0%         3d7       91%         3
 Tukima's Dance           Hex            0%         N/A       91%         3
 Volatile Blastmotes      Fire/Tloc      0%         2d10      91%         3
 Brom's Barrelling Bould  Conj/Erth      0%         2d3       100%        4
 Dimensional Bullseye     Hex/Tloc       0%         N/A       100%        4
 Fulminant Prism          Conj/Hex       0%         3d5       100%        4
 Iskenderun's Mystic Bla  Conj/Tloc      0%         2d3       100%        4
 Summon Ice Beast         Ice/Summ       0%         N/A       100%        4
 Metabolic Englaciation   Hex/Ice        0%         N/A       100%        5
 Summon Mana Viper        Hex/Summ       0%         N/A       100%        5
 Conjure Ball Lightning   Conj/Air       0%         3x3d6     100%        6
 Monstrous Menagerie      Summ           0%         N/A       100%        7
 Discord                  Hex            0%         N/A       100%        8
 Disjunction              Tloc           0%         N/A       100%        8
 Simulacrum               Ice/Necr       Unusable   N/A       N/A         6

Dungeon Overview and Level Annotations

Branches:
Dungeon (8/15)             Temple (1/1) D:7            Lair (0/5) D:8

Altars:
Cheibriados
Dithmenos
Fedhas
Gozag
Kikubaaqudgha
Makhleb
Nemelex Xobeh
Okawaru
Qazlal
Sif Muna
Trog
Uskayaw
Vehumet
Wu Jian
Yredelemnul

Shops:
D:1 =


Innate Abilities, Weirdness & Mutations

You are a hulking beast.
Your limbs bulge with bestial killing power. (Slay +3)
You are immune to poison.
You are mostly covered in yellow scales. (AC +3)
You are mostly covered in sharp spines.
You have a tail ending in a sharp stinger.


Message History

The black bear claws you.
The black bear claws you but does no damage.
The howler monkey hoots and howls with incredible vigour!
The elephant tramples you!
* * * LOW HITPOINT WARNING * * *
You hold your ground!
The elephant trunk-slaps you but does no damage.
You hear a shout! x2
The wyvern bites you but does no damage.
The howler monkey hoots and howls with incredible vigour!
The black bear is struck by your spines.
The black bear bites you but does no damage.
The black bear claws you.
The black bear claws you but does no damage.
The elephant is struck by your spines. The elephant tramples you!
* * * LOW HITPOINT WARNING * * *
You hold your ground!
The elephant trunk-slaps you.
* * * LOW HITPOINT WARNING * * *
You hear a shout!
You radiate an aura of cold.
The wyvern seems to slow down.
The basilisk seems to slow down.
The elephant seems to slow down.
The black bear seems to slow down.
The howler monkey seems to slow down.
The wyvern is struck by your spines.
The wyvern bites you but does no damage.
The wyvern bites you!
* * * LOW HITPOINT WARNING * * *
The black bear bites you.
The black bear claws you but does no damage. x2
The elephant is struck by your spines. The elephant tramples you.
* * * LOW HITPOINT WARNING * * *
You hold your ground!
The elephant trunk-slaps you but does no damage.
The wyvern is struck by your spines.
You kill the wyvern!
The black bear is struck by your spines.
The black bear bites you.
* * * LOW HITPOINT WARNING * * *
The black bear claws you.
You die...
Your body crumbles into a pile of gold.

#...# .# #..... .# ####
...$P. .# ...... #.P...P
.# .. ..... .......
.#... #..# ##.......
.#... #..###.h...>..
..........#.....hhl.....
.###......#......Y......
.# .#...<.+......#..P.).
.#.#......#......#......
....##...##..##### .....
.##.#....##..#######...#
................... ....
.#................. ...
.#.......##..##....


You could see an elephant (slow), a basilisk (slow), a black bear (slow) and a
howler monkey (slow).

Vanquished Creatures
  Pikel (D:7)
  Maurice (D:8)
  Joseph (D:7)
  Jeremiah (D:7)
  7 rime drakes (D:7)
  A hornet (D:5)
  Prince Ribbit (D:7)
  6 yaks (D:7)
  A wyvern (D:8)
  Sigmund (D:2)
  An air elemental (Abyss:1)
  10 humans (D:7)
  A steam dragon (D:7)
  Menkaure (D:7)
  Duvessa (D:7)
  An orc warrior (D:6)
  2 ice beasts
  A black bear (D:6)
  An ogre (D:6)
  A lemure (D:7)
  A kobold brigand (D:8)
  4 bullfrogs
  A scorpion (D:6)
  3 wights (D:7)
  A howler monkey (D:5)
  5 hounds
  6 jellies
  2 gnoll boudas
  An orc priest (D:6)
  A sleepcap (D:7)
  6 iguanas
  Terence (D:3)
  6 orc wizards
  7 gnolls
  13 adders
  2 white imps (D:5)
  4 worms
  3 dart slugs
  11 orcs
  10 ball pythons
  5 bats
  7 endoplasms
  3 giant cockroaches
  7 goblins
  7 hobgoblins
  4 quokkas
  7 frilled lizards
  9 kobolds
  8 rats
186 creatures vanquished.

Vanquished Creatures (others)
  A jelly (D:7)
1 creature vanquished.

Grand Total: 187 creatures vanquished

Notes
Turn   | Place    | Note
-------+----------+-------------------------------------------
     0 | D:1      | Iich the Demonspawn Fighter began the quest for the Orb.
     0 | D:1      | Reached XP level 1. HP: 18/18 MP: 1/1
    79 | D:1      | Gained mutation: You are partially covered in sharp spines.
                  | [demonic ancestry]
    79 | D:1      | Reached XP level 2. HP: 21/24 MP: 2/2
   255 | D:1      | Found Bikar's One-of-a-Kind Rings.
   307 | D:1      | Found a faded altar of an unknown god.
   307 | D:1      | Noticed a golden eye
   310 | D:1      | Noticed a shining eye
   310 | D:1      | Noticed a great orb of eyes
   310 | D:1      | Noticed an eye of devastation
   314 | D:1      | Reached skill level 1 in Dodging
   425 | D:1      | Gained mutation: You have a small tail. [demonic ancestry]
   425 | D:1      | Reached XP level 3. HP: 24/29 MP: 3/3
   783 | D:2      | Noticed Sigmund
   794 | D:2      | Killed Sigmund
   795 | D:2      | Reached skill level 4 in Fighting
   795 | D:2      | Gained mutation: You are partially covered in yellow
                  | scales. (AC +2) [demonic ancestry]
   795 | D:2      | Reached XP level 4. HP: 10/37 MP: 4/4
   795 | D:2      | Reached XP level 5. HP: 12/42 MP: 5/5
  1560 | D:3      | Noticed Terence
  1570 | D:3      | Killed Terence
  1571 | D:3      | Reached XP level 6. HP: 46/48 MP: 6/6
  1590 | D:3      | Found an ornate altar of the Wu Jian Council.
  1597 | D:3      | Noticed a spectral centipede
  1597 | D:3      | Noticed a spectral black mamba
  1597 | D:3      | Noticed a spectral cane toad
  1822 | D:3      | Found a shimmering blue altar of Sif Muna.
  2762 | D:5      | Entered Level 5 of the Dungeon
  2891 | Abyss:1  | Cast into level 1 of the Abyss (orc priest)
  2902 | Abyss:1  | Noticed a small abomination
  2909 | Abyss:1  | Found a corrupted altar of Lugonu.
  2952 | Abyss:1  | Noticed an air elemental
  2954 | Abyss:1  | Paralysed by an air elemental for 1 turns
  2957 | Abyss:1  | Killed an air elemental
  2958 | Abyss:1  | Reached skill level 1 in Shapeshifting
  2958 | Abyss:1  | Gained mutation: You have a tail ending in a sharp stinger.
                  | [demonic ancestry]
  2958 | Abyss:1  | Reached XP level 7. HP: 17/55 MP: 7/7
  2960 | D:5      | Escaped the Abyss
  3118 | D:5      | Found an iron altar of Okawaru.
  3580 | D:5      | Noticed a hornet
  3583 | D:5      | Paralysed by a hornet for 3 turns
  3589 | D:5      | Killed a hornet
  3590 | D:5      | Reached skill level 5 in Fighting
  3800 | D:5      | Found a snail-covered altar of Cheibriados.
  4129 | D:5      | Reached XP level 8. HP: 44/62 MP: 8/8
  4554 | D:6      | Reached skill level 5 in Shields
  4818 | D:6      | Reached skill level 5 in Axes
  4830 | D:6      | Reached skill level 6 in Fighting
  5109 | D:7      | Noticed Jeremiah
  5167 | D:7      | Noticed Dowan
  5168 | D:7      | Noticed Duvessa
  5170 | D:7      | Dowan changed into Dowan the iguana
  5170 | D:7      | Noticed Dowan
  5176 | D:7      | Killed Dowan the iguana
  5185 | D:7      | Killed Duvessa
  5469 | D:7      | Gained mutation: You are mostly covered in sharp spines.
                  | [demonic ancestry]
  5469 | D:7      | Reached XP level 9. HP: 69/69 MP: 9/9
  5581 | D:7      | Noticed Joseph
  5596 | D:7      | Killed Joseph
  5597 | D:7      | Reached skill level 5 in Dodging
  5763 | D:7      | Killed Jeremiah
  5836 | D:7      | Found a staircase to the Ecumenical Temple.
  5860 | D:7      | Noticed Menkaure
  5885 | Temple   | Entered the Ecumenical Temple
  5917 | Temple   | Became a worshipper of Gozag Ym Sagoz the Greedy
  5957 | D:7      | Killed Menkaure
  6006 | D:7      | Noticed a rime drake
  6006 | D:7      | Noticed a rime drake
  6108 | D:7      | Noticed Psyche
  6115 | D:7      | Reached skill level 7 in Fighting
  6141 | D:7      | Gained mutation: You are mostly covered in yellow scales.
                  | (AC +3) [demonic ancestry]
  6141 | D:7      | Reached XP level 10. HP: 69/79 MP: 10/10
  6159 | D:7      | Reached skill level 5 in Shapeshifting
  6166 | D:7      | Psyche changed into Psyche the ice beast
  6166 | D:7      | Noticed Psyche
  6180 | D:7      | Killed Psyche the ice beast
  6408 | D:7      | Noticed Prince Ribbit
  6411 | D:7      | Killed Prince Ribbit
  6510 | D:7      | Noticed Pikel
  6519 | D:7      | Killed Pikel
  7083 | D:7      | Found the +4 skin of Zhor {*Englaciate rC+++ SInv}
  7120 | D:7      | Reached skill level 8 in Fighting
  7140 | D:7      | Reached XP level 11. HP: 32/87 MP: 11/11
  7722 | D:8      | Noticed Maurice
  7731 | D:8      | Killed Maurice
  7777 | D:8      | Found a hide-covered altar of Uskayaw.
  7805 | D:8      | Found a staircase to the Lair.
  7817 | D:8      | HP: 2/87 [elephant (3)]
  7818 | D:8      | Slain by a black bear

Illustrated notes

Levels and vault maps discovered:
D:1:      nzn_arrival_crosshair, layout_loops_ring,
          hellmonk_ecumenical_altar_watching_god, nicolae_shop_unique_rings
D:2:      layout_rooms, roderic_serpentine_path, corexii_corridor_pit,
          grunt_ministairs_9, uniq_sigmund
D:3:      layout_loops_ring, pdpol_wu_jian_five_deadly_venoms,
          nicolae_overflow_crystal_walls, kennysheep_generic_room_16,
          uniq_terence
D:4:      mumra_celtic_spiral_tile, layout_rooms, skrybe_limestone_x,
          minivault_4
D:5:      layout_basic, cheibrodos_worm_habitat, general_overflow_altar
D:6:      layout_rooms, minmay_fountain_box
D:7:      erik_cavepeople, layout_layer_cave, minmay_temple_entry_arrows,
          hellmonk_guarded_unrand_zhor, uniq_menkaure, uniq_jeremiah,
          uniq_joseph, uniq_pikel, uniq_duvessa, uniq_prince_ribbit1
D:8:      layout_gridville, eat_drink_and_be_merry_uskayaw,
          gammafunk_temple_overflow_claw, david_lair_generic, special_room
          [special_room_orc], minmay_misc_feat_square, uniq_grum, uniq_erica,
          uniq_maurice
Temple:   nicolae_temple_hex_pool

Skill      XL: |  1  2  3  4  5  6  7  8  9 10 11 |
---------------+----------------------------------+-----
Axes           | 2 3 4 5 6 7 |  7.4
Dodging        | 1 2 3 4 5 7 |  7.1
Shields        | 3 4 5 6 7 |  7.7
Fighting       | 4 5 6 7 8 |  8.4
Shapeshifting  | 1 2 3 4 5 6 |  6.0
Armour         | |  2.6

Action                     |  1- 3 |  4- 6 |  7- 9 | 10-12 || total
---------------------------+-------+-------+-------+-------++-------
  Melee: War axe           |    64 |    82 |   191 |   110 ||   447
         Tailslap          |     1 |     7 |    30 |    28 ||    66
  Evoke: Wand              |       |     3 |     5 |     1 ||     9
    Use: Scroll            |     2 |     3 |     6 |     4 ||    15
         Potion            |       |     2 |     2 |       ||     4
 Armour: Scale mail        |    21 |       |       |       ||    21
         Ring mail         |    19 |    29 |       |       ||    48
         Plate armour      |       |    16 |    97 |       ||   113
         Chain mail        |       |       |    35 |    44 ||    79
         Animal skin       |       |       |       |    53 ||    53
  Dodge: Dodged            |    31 |    26 |    75 |    50 ||   182
  Block: Buckler           |    16 |    25 |     5 |       ||    46
         Kite shield       |       |       |    99 |    54 ||   153
   Form: Beast             |       |     1 |       |       ||     1

Table legend: (Time is in decaauts)
 A = Elapsed time spent in this place.
 B = Non-inter-level travel time spent in this place.
 C = Inter-level travel time spent in this place.
 D = Time resting spent in this place.
 E = Time spent auto-exploring this place.
 F = Levels seen in this place.
 G = Mean time per level.
                   A        B        C        D        E       F      G
               +--------+--------+--------+--------+--------+-----+--------+
         Total |   7985 |   7801 |    184 |    510 |   5630 |  10 |  798.5 |
       Dungeon |   7848 |   7664 |    184 |    470 |   5621 |   8 |  981.0 |
        Temple |     64 |     64 |      0 |      0 |      0 |   1 |   64.0 |
         Abyss |     72 |     72 |      0 |     40 |      9 |   1 |   72.0 |
               +--------+--------+--------+--------+--------+-----+--------+

Top non-repeatable levels by time:
     D:7: 2365 daAuts
     D:5: 1466 daAuts
     D:4: 772 daAuts
     D:1: 748 daAuts
     D:2: 741 daAuts
     D:6: 739 daAuts
     D:3: 725 daAuts
     D:8: 289 daAuts
 Abyss:1: 72 daAuts
  Temple: 64 daAuts
